 Dungeon Crawl Stone Soup version 0.30-a0-883-g5ad918d77d (webtiles) character file.

Game seed: 11482653885521971891

66112 112233 the Eclecticist (level 14, -5/74 HPs)
             Began as a Spriggan Air Elementalist on Mar 16, 2023.
             Was an Initiate of Gozag.
             Slain by a tyrant leech (15 damage)
             ... on level 2 of the Lair of Beasts.
             The game lasted 00:31:38 (37661 turns).

112233 the Eclecticist (Spriggan Air Elementalist) Turns: 37661, Time: 00:31:38

Health: -5/74      AC:  6    Str:  4    XL:     14   Next: 78%
Magic:  6/34       EV: 28    Int: 32    God:    Gozag
Gold:   3083       SH:  0    Dex: 17    Spells: 12/44 levels left

rFire   . . .      SeeInvis +    p - staff of air
rCold   . . .      Faith    .    (shield currently unavailable)
rNeg    . . .      Spirit   .    Q - +2 robe {Archmagi}
rPois   .          Reflect  .    G - +2 hat
rElec   +          Rampage  .    C - scarf {repulsion}
rCorr   .          Archmagi +    (gloves unavailable)
Will    ++...                    (boots unavailable)
Stlth   ++                       X - amulet of magic regeneration
HPRegen 0.32/turn                q - +6 ring of intelligence
MPRegen 0.64/turn                w - +6 ring of intelligence

@: repel missiles, very quick
A: very small, no large weapons, unfitting armour, see invisible, speed 3
a: Renounce Religion, Potion Petition, Call Merchant, Bribe Branch


You were on level 2 of the Lair of Beasts.
You worshipped Gozag.
Gozag was most pleased with you.
You visited 3 branches of the dungeon, and saw 19 of its levels.
You also visited: Bailey.

You collected 6896 gold pieces.
You spent 3749 gold pieces at shops.
You paid 64 gold pieces to Gozag.

Inventory:

Armour
 o - the +3 buckler "Ithi" {Regen+ Dex+6}
   (You bought it in a shop on level 2 of the Orcish Mines)

   Dex:       It affects your dexterity (+6).
   Regen:     It increases your rate of health regeneration.
 C - a scarf of repulsion (worn)
 G - a +2 hat (worn)
 Q - a +2 robe of the Archmagi (worn)
Magical Staves
 p - a staff of air (weapon)
Jewellery
 a - an amulet of guardian spirit
 q - a +6 ring of intelligence (left hand)
 w - a +6 ring of intelligence (right hand)
 F - a ring of magical power
 O - a ring of resist corrosion
 X - an amulet of magic regeneration (around neck)
Wands
 s - a wand of flame (24)
 u - a wand of acid (13)
 B - a wand of iceblast (8)
 D - a wand of charming (13)
 L - a wand of mindburst (15)
 M - a wand of polymorph (26)
Scrolls
 d - 9 scrolls of teleportation
 j - 2 scrolls of fear
 k - 5 scrolls of magic mapping
 l - 4 scrolls of amnesia
 m - a scroll of blinking
 x - 2 scrolls of brand weapon
 y - 6 scrolls of fog
 z - 9 scrolls of enchant armour
 A - 6 scrolls of noise
 J - a scroll of summoning
 N - 4 scrolls of immolation
 P - 5 scrolls of poison
 T - 2 scrolls of torment
 U - a scroll of silence
 W - 10 scrolls of identify
 Y - a scroll of vulnerability {unknown}
 Z - a scroll of enchant weapon
Potions
 b - 3 potions of magic
 c - a potion of ambrosia
 e - a potion of berserk rage
 f - 7 potions of lignification {unknown}
 g - 4 potions of resistance
 h - 11 potions of brilliance
 i - 7 potions of mutation
 n - 3 potions of invisibility
 r - 3 potions of degeneration
 t - 13 potions of curing
 v - 9 potions of heal wounds
 H - 4 potions of might {unknown}
 I - 5 potions of cancellation
 K - 2 potions of flight {unknown}
 R - 2 potions of haste
 S - 3 potions of attraction
Miscellaneous
 E - a condenser vane
 V - a phial of floods


   Skills:
 + Level 8.9 Fighting
 + Level 15.7 Dodging
 - Level 3.2 Stealth
 + Level 4.8 Shields
 + Level 15.7 Spellcasting
 - Level 0.8 Conjurations
 * Level 6.8 Transmutations
 * Level 13.8 Air Magic


You had 12 spell levels left.
You knew the following spells:

 Your Spells              Type           Power      Damage    Failure   Level
a - Shock                 Conj/Air       100%       1d9       1%          1
b - Arcjolt               Conj/Air       52%        1d62      2%          5
c - Airstrike             Air            65%        2d(10-26) 1%          4
d - Swiftness             Air            100%       N/A       1%          3
e - Freezing Cloud        Conj/Ice/Air   45%        6-21      6%          5
f - Apportation           Tloc           74%        N/A       1%          1
g - Blink                 Tloc           74%        N/A       2%          2
h - Passwall              Tmut/Erth      52%        N/A       1%          2
i - Static Discharge      Conj/Air       100%       2-7/arc   1%          2
j - Storm Form            Tmut/Air       58%        N/A       21%         7

Your spell library contained the following spells:

 Spells                   Type           Power      Damage    Failure   Level
 Freeze                   Ice            100%       1d10      1%          1
 Kiss of Death            Conj/Necr      100%       2d13      1%          1
 Necrotise                Necr           100%       1d9       1%          1
 Sandblast                Erth           74%        2d16      1%          1
 Sting                    Tmut/Pois      100%       1d8       1%          1
 Summon Small Mammal      Summ           100%       N/A       1%          1
 Poisonous Vapours        Pois/Air       100%       N/A       1%          2
 Ignite Poison            Fire/Tmut/Pois 56%        N/A       1%          3
 Kindle Blastsparks       Fire/Tloc/Air  100%       2d18      1%          3
 Vhi's Electric Charge    Tloc/Air       100%       N/A       1%          3
 Summon Lightning Spire   Summ/Air       100%       N/A       1%          4
 Lesser Beckoning         Tloc           74%        N/A       2%          2
 Momentum Strike          Conj/Tloc      82%        3d10      2%          2
 Confusing Touch          Hex            37%        N/A       4%          3
 Frozen Ramparts          Ice            74%        1d12      4%          3
 Hailstorm                Conj/Ice       41%        3d10      4%          3
 Stone Arrow              Conj/Erth      82%        3d12      4%          3
 Summon Guardian Golem    Hex/Summ       37%        N/A       4%          3
 Tukima's Dance           Hex            37%        N/A       4%          3
 Yara's Violent Unravell  Hex/Tmut       31%        3d13      12%         5
 Conjure Ball Lightning   Conj/Air       52%        3x3d18    13%         6
 Sticky Flame             Conj/Fire      41%        2d6       14%         4
 Dispel Undead            Necr           37%        3d15      17%         4
 Olgreb's Toxic Radiance  Pois           37%        N/A       17%         4
 Passage of Golubria      Tloc           37%        N/A       17%         4
 Iskenderun's Battlesphe  Conj           45%        2d10      32%         5
 Fireball                 Conj/Fire      20%        3d10      36%         5
 Maxwell's Capacitive Co  Air            65%        ∞         36%         8
 Summon Forest            Summ/Tloc      18%        N/A       43%         5
 Summon Mana Viper        Hex/Summ       37%        N/A       43%         5
 Summon Cactus Giant      Summ           18%        N/A       95%         6
 Orb of Destruction       Conj           22%        9d8       100%        7
 Spellforged Servitor     Conj/Summ      20%        N/A       100%        7
 Ignition                 Fire           18%        3d7       100%        8


Dungeon Overview and Level Annotations

Branches:
Dungeon (12/15)            Temple (0/1) D:4            Lair (5/5) D:8
  Swamp (0/4) Lair:2        Snake (0/4) Lair:2        Slime (0/5) Lair:4
    Orc (2/2) D:9             Elf (0/3) Orc:2        Bailey (visited)

Altars:
Ashenzari
Cheibriados
Dithmenos
Elyvilon
Fedhas
Gozag
Hepliaklqana
Nemelex Xobeh
Okawaru
Qazlal
Vehumet
Wu Jian
Xom
Yredelemnul
Zin
The Shining One

Shops:
D:1 ?   D:7 *   D:11 :!?((   Orc:1 [   Orc:2 [:*?

Portals:
Trove: D:11 (give +6 demon blade)

Annotations:
D:3 1 runed translucent door, Crazy Yiuf
D:7 exclusion: downstairs
D:11 exclusion: downstairs


Innate Abilities, Weirdness & Mutations

You are very small and have problems with some larger weapons.
You are too small for most types of armour.
You have supernaturally acute eyesight. (SInv)
You cover ground extremely quickly. (Speed+++)


Message History

A tyrant leech is nearby!
You start resting.
A tyrant leech is nearby!
A tyrant leech is nearby!
Casting: Airstrike (safe; 1% risk of failure)
Confirm with . or Enter, or press ? or * to list all spells.
Aiming: Airstrike (safe; 1% risk of failure)
Press: ? - help, Dir - move target, f/p - tyrant leech
Aim: a tyrant leech (moderately wounded, empty space bonus: 6/8)
You feel a strong surge of power!
The air twists around and strikes the tyrant leech!
The tyrant leech is heavily wounded.
Casting: Airstrike (safe; 1% risk of failure)
Confirm with . or Enter, or press ? or * to list all spells.
Aiming: Airstrike (safe; 1% risk of failure)
Press: ? - help, Dir - move target, f/p - tyrant leech
Aim: a tyrant leech (heavily wounded, empty space bonus: 8/8)
You feel a strong surge of power!
The air twists around and strikes the tyrant leech!!
The tyrant leech is almost dead.
Casting: Airstrike (safe; 1% risk of failure)
Confirm with . or Enter, or press ? or * to list all spells.
You don't have enough magic to cast this spell.
You hit the tyrant leech but do no damage.
The tyrant leech is almost dead.
The tyrant leech completely misses you.
You hit the tyrant leech.
The tyrant leech is almost dead.
The tyrant leech bites you!!
The tyrant leech draws strength from your injuries!
You hit the tyrant leech.
The tyrant leech is heavily wounded.
The tyrant leech bites you!!
* * * LOW HITPOINT WARNING * * *
The tyrant leech draws strength from your injuries!
You closely miss the tyrant leech.
The tyrant leech is moderately wounded.
The tyrant leech bites you!
You die...
Your body crumbles into a pile of gold.

#...........## ♣♣♣♣ #......#....#
### ♣♣ ### #...........# ####.#
♣. #.### #.###.......###...## ♣♣
...P## ####P....#...##...###♣♣≈
.....## #................♣♣..
......# ##.....###........♣♣.
.#...########.......##........#♣.
........)......w@...###.......#..
....P#..........P.#.###......####
...#######.......P...#######.....
...# #.............### ######
...# #.......#.......### #..P
...# #####.#..###......#.####..
...# ##.......## ##..........#..
...## #.......## #....####.....
....###.....P..#####...##.####.>.


You could see a tyrant leech.

Vanquished Creatures
  Azrael (Orc:1)
  Snorg (Lair:5)
  A vault guard (D:11)
  2 hydras
  2 catoblepae
  Erica (D:8)
  An alligator (Lair:4)
  2 boulder beetles
  3 two-headed ogres
  2 skysharks
  Nergalle (Orc:1)
  A skeletal warrior (D:12)
  A goliath frog (Lair:5)
  2 swamp dragons (Lair:4)
  Pikel (D:5)
  5 orc knights (Orc:2)
  2 cyclopes
  A salamander (Lair:2)
  Joseph (D:8)
  13 elephants
  6 black mambas
  A cane toad (shapeshifter) (D:12)
  2 gargoyles
  23 cane toads
  Maggie (D:6)
  An unseen horror (D:10)
  4 rime drakes
  8 komodo dragons
  4 tyrant leeches
  10 trolls
  Grinder (D:6)
  3 hornets
  31 blink frogs
  A shadow (D:11)
  27 yaks
  Grum (D:8)
  5 wyverns
  3 fire elementals
  11 vampire mosquitoes
  6 basilisks
  3 steam dragons
  Menkaure (D:5)
  12 wargs
  8 swamp worms
  7 water moccasins
  2 hell hounds (Orc:2)
  Duvessa (D:4)
  43 orc warriors
  4 black bears
  A swamp drake (Lair:4)
  6 ogres
  15 wolves
  13 centaurs
  3 lemures
  2 phantoms
  4 kobold brigands
  18 bullfrogs
  A gnoll sergeant (D:10)
  A scorpion (D:5)
  8 wights (D:9)
  Dowan (D:4)
  12 killer bees
  8 howler monkeys
  7 electric eels
  A lava snake (Lair:2)
  4 hounds
  3 jellies (D:7)
  A gnoll bouda (D:6)
  7 orc priests
  An iron imp (D:6)
  2 sleepcaps
  Ijyb (D:4)
  16 iguanas
  15 orc wizards
  4 hell rats (Lair:4)
  Robin (D:3)
  4 gnolls (D:10)
  7 adders
  2 white imps
  An ufetubus (D:6)
  4 worms (D:2)
  2 dart slugs
  105 orcs
  10 endoplasms
  3 giant cockroaches
  30 goblins
  11 hobgoblins
  4 jackals
  4 quokkas
  6 ball pythons
  3 bats (D:1)
  12 frilled lizards
  30 kobolds
  7 rats
675 creatures vanquished.

Vanquished Creatures (others)
  An orc (D:8)
  A bush (Lair:1)
  23 fungi
  107 plants
132 creatures vanquished.

Grand Total: 807 creatures vanquished

Notes
Turn   | Place    | Note
-------+----------+-------------------------------------------
     0 | D:1      | 112233 the Spriggan Air Elementalist began the quest for
                  | the Orb.
     0 | D:1      | Reached XP level 1. HP: 9/9 MP: 5/5
   246 | D:1      | Found Lonic's Magic Scroll Emporium.
   248 | D:1      | Reached XP level 2. HP: 13/13 MP: 5/7
   777 | D:1      | Reached XP level 3. HP: 16/16 MP: 6/9
   827 | D:1      | You fall into a shaft and drop 1 floor!
   895 | D:2      | Learned a level 2 spell: Static Discharge
  1845 | D:2      | Found Nami's Distillery.
  1869 | D:2      | Reached XP level 4. HP: 21/21 MP: 9/11
  2512 | D:2      | Found a faded altar of an unknown god.
  2821 | D:3      | Noticed a water elemental
  2825 | D:3      | Found a stormy altar of Qazlal.
  2827 | D:3      | Noticed a fire elemental
  2828 | D:3      | Noticed an air elemental
  2828 | D:3      | Noticed an earth elemental
  2891 | D:3      | Reached skill level 5 in Spellcasting
  2994 | D:3      | Found an opulent altar of Gozag.
  3012 | D:3      | Became a worshipper of Gozag Ym Sagoz the Greedy
  3018 | D:3      | Reached XP level 5. HP: 24/24 MP: 8/13
  3077 | D:3      | Found a runed translucent door.
  3078 | D:3      | Noticed Crazy Yiuf
  3137 | D:3      | Found a glowing silver altar of Zin.
  3380 | D:3      | Noticed Robin
  3385 | D:3      | Killed Robin
  4329 | D:4      | Noticed Ijyb
  4359 | D:4      | Killed Ijyb
  4823 | D:4      | Found a staircase to the Ecumenical Temple.
  4825 | D:4      | Noticed a phantom
  4829 | D:4      | Reached XP level 6. HP: 24/28 MP: 10/16
  4989 | D:4      | Noticed Duvessa
  4991 | D:4      | Noticed Dowan
  5199 | D:5      | Entered Level 5 of the Dungeon
  5280 | D:5      | Learned a level 4 spell: Airstrike
  5284 | D:5      | Learned a level 3 spell: Swiftness
  5319 | D:5      | Found a radiant altar of Vehumet.
  5680 | D:5      | Noticed Menkaure
  5682 | D:5      | Killed Menkaure
  5683 | D:5      | Reached XP level 7. HP: 32/32 MP: 9/19
  6598 | D:5      | Noticed Pikel
  6743 | D:5      | Killed Pikel
  6744 | D:5      | Reached skill level 5 in Air Magic
  6744 | D:5      | Reached XP level 8. HP: 36/36 MP: 2/22
  6992 | D:5      | Reached skill level 10 in Spellcasting
  7070 | D:5      | Found a glowing golden altar of the Shining One.
  7070 | D:5      | Found a broken altar of Ashenzari.
  7070 | D:5      | Found a shimmering altar of Xom.
  7339 | D:6      | Reached skill level 1 in Fighting
  7818 | D:6      | Found a snail-covered altar of Cheibriados.
  8002 | D:6      | Noticed Maggie
  8007 | D:6      | Killed Maggie
  8008 | D:6      | Reached skill level 5 in Dodging
  8008 | D:6      | Reached XP level 9. HP: 42/42 MP: 4/24
  8395 | D:7      | Found Mur Wiun's CLEARANCE SALE!.
  8403 | D:7      | Bought a condenser vane for 40 gold pieces
  8403 | D:7      | Bought a scroll of identify for 2 gold pieces
  8403 | D:7      | Bought a scroll of identify for 2 gold pieces
  8756 | D:7      | Found a flagged portal.
  8773 | Bailey   | Entered a bailey
 10813 | D:7      | Learned a level 5 spell: Freezing Cloud
 10997 | D:4      | Killed Dowan
 11003 | D:4      | Killed Duvessa
 11950 | D:6      | Found a hazy altar of Hepliaklqana.
 11950 | D:6      | Noticed Grinder
 11959 | D:6      | Killed Grinder
 12117 | D:6      | Reached XP level 10. HP: 49/49 MP: 9/26
 12594 | D:6      | Found a basalt altar of Yredelemnul.
 12657 | D:8      | Noticed Erica
 12887 | D:8      | Killed Erica
 13047 | D:8      | Reached skill level 10 in Dodging
 13379 | D:8      | Found a staircase to the Lair.
 13494 | D:8      | Noticed a cyclops
 13514 | D:8      | Noticed Grum
 13774 | D:8      | Killed a cyclops
 14159 | D:8      | Noticed a gargoyle
 14163 | D:8      | Killed a gargoyle
 14172 | D:8      | Killed Grum
 14927 | D:8      | Noticed Joseph
 14930 | D:8      | Killed Joseph
 15341 | D:9      | Found a shadowy altar of Dithmenos.
 15353 | D:9      | Noticed a two-headed ogre
 15359 | D:9      | Killed a two-headed ogre
 15360 | D:9      | Reached skill level 5 in Fighting
 15360 | D:9      | Reached XP level 11. HP: 43/55 MP: 4/28
 16074 | D:9      | Noticed a two-headed ogre
 17083 | D:9      | Found a staircase to the Orcish Mines.
 17251 | Orc:1    | Entered Level 1 of the Orcish Mines
 17500 | Orc:2    | Entered Level 2 of the Orcish Mines
 18693 | Orc:2    | Noticed Azrael
 18920 | Orc:1    | Killed Azrael
 19581 | Orc:2    | Noticed an orc knight
 19594 | Orc:2    | Killed an orc knight
 19997 | Orc:2    | Noticed an orc knight
 20001 | Orc:2    | Killed an orc knight
 20002 | Orc:2    | Reached skill level 10 in Air Magic
 20678 | Orc:2    | Noticed an orc knight
 20937 | Orc:2    | Noticed an orc knight
 21025 | Orc:2    | Killed an orc knight
 21026 | Orc:2    | Reached XP level 12. HP: 61/61 MP: 13/30
 22338 | Orc:1    | Noticed Nergalle
 22408 | Orc:1    | Killed Nergalle
 22768 | Orc:1    | Found Wisuw Cium's Antique Armour Boutique.
 24183 | Orc:2    | Found a staircase to the Elven Halls.
 24465 | Orc:2    | Found Heojugui's Book Shoppe.
 24465 | Orc:2    | Found Macvamic's Assorted Antiques.
 24468 | Orc:2    | Found Giopti's Magic Scroll Shop.
 24470 | Orc:2    | Found Jifemu's Armour Emporium.
 24477 | Orc:2    | Bought a scroll of magic mapping for 135 gold pieces
 24477 | Orc:2    | Bought a scroll of fog for 72 gold pieces
 24477 | Orc:2    | Bought a scroll of identify for 36 gold pieces
 24477 | Orc:2    | Bought a scroll of fear for 72 gold pieces
 24482 | Orc:2    | Bought the +3 buckler "Ithi" {Regen+ Dex+6} for 469 gold
                  | pieces
 24484 | Orc:2    | Bought Maxwell's Memoranda for 494 gold pieces
 24484 | Orc:2    | Bought a book of Spatial Translocations for 234 gold pieces
 24484 | Orc:2    | Bought a book of Cantrips for 156 gold pieces
 24656 | Orc:2    | Bought a wooden wand for 84 gold pieces
 24656 | Orc:2    | Bought an amethyst potion for 18 gold pieces
 24656 | Orc:2    | Bought an amethyst potion for 18 gold pieces
 24658 | Orc:2    | Bought a scroll of poison for 72 gold pieces
 24663 | Orc:2    | Learned a level 1 spell: Apportation
 24666 | Orc:2    | Learned a level 2 spell: Blink
 24669 | Orc:2    | Learned a level 2 spell: Passwall
 24675 | Orc:2    | Learned a level 5 spell: Arcjolt
 24861 | D:2      | Bought a potion of heal wounds for 60 gold pieces
 24861 | D:2      | Bought 2 potions of invisibility for 192 gold pieces
 24861 | D:2      | Bought a potion of curing for 36 gold pieces
 24861 | D:2      | Bought a potion of haste for 120 gold pieces
 24861 | D:2      | Bought a potion of mutation for 96 gold pieces
 24861 | D:2      | Bought a potion of cancellation for 96 gold pieces
 24861 | D:2      | Bought a potion of brilliance for 48 gold pieces
 24861 | D:2      | Bought a potion of attraction for 36 gold pieces
 24922 | D:1      | Bought a scroll of magic mapping for 75 gold pieces
 24922 | D:1      | Bought a scroll of identify for 20 gold pieces
 24922 | D:1      | Bought a scroll of magic mapping for 75 gold pieces
 24922 | D:1      | Bought a scroll of torment for 95 gold pieces
 24922 | D:1      | Bought a scroll of silence for 95 gold pieces
 24922 | D:1      | Bought a scroll of teleportation for 30 gold pieces
 24922 | D:1      | Bought a scroll of fog for 40 gold pieces
 24922 | D:1      | Bought a scroll of torment for 95 gold pieces
 25881 | D:10     | Entered Level 10 of the Dungeon
 26768 | D:10     | Found a white marble altar of Elyvilon.
 26788 | D:10     | Found a sparkling altar of Nemelex Xobeh.
 26791 | D:10     | Found an ornate altar of the Wu Jian Council.
 26794 | D:10     | Found a blossoming altar of Fedhas.
 26797 | D:10     | Found an iron altar of Okawaru.
 27197 | D:11     | Noticed a boulder beetle
 27204 | D:11     | Killed a boulder beetle
 27205 | D:11     | Reached skill level 1 in Shields
 27503 | D:11     | Found Engaar Bae's Weapon Shoppe.
 27522 | D:11     | Found Baopoyf's Magic Scroll Shop.
 27525 | D:11     | Bought a scroll of teleportation for 39 gold pieces
 27525 | D:11     | Bought a scroll of teleportation for 39 gold pieces
 27525 | D:11     | Bought a scroll of teleportation for 39 gold pieces
 27525 | D:11     | Bought a scroll of immolation for 52 gold pieces
 27582 | D:11     | Noticed a two-headed ogre
 27584 | D:11     | Killed a two-headed ogre
 27947 | D:11     | Found Giamycut's Book Shop.
 27949 | D:11     | Found Lusexank's Distillery.
 27954 | D:11     | Bought a potion of haste for 130 gold pieces
 27954 | D:11     | Bought a potion of berserk rage for 65 gold pieces
 28010 | D:11     | Noticed a vault guard
 28017 | D:11     | Killed a vault guard
 28262 | D:11     | Found Qecriha's Antique Weapon Boutique.
 28269 | D:11     | Bought a polished trident for 272 gold pieces
 28269 | D:11     | Identified the +3 trident "Conservator" {venom, Dex+6} (You
                  | bought it in a shop on level 11 of the Dungeon)
 28435 | D:11     | Found a portal to a secret trove of treasure.
 28935 | D:12     | Noticed a two-headed ogre
 28940 | D:12     | Killed a two-headed ogre
 28941 | D:12     | Reached XP level 13. HP: 67/67 MP: 12/32
 29400 | Lair:1   | Entered Level 1 of the Lair of Beasts
 29615 | Lair:1   | Found a dark tunnel.
 32068 | Lair:2   | Found a staircase to the Swamp.
 32140 | Lair:3   | Reached skill level 15 in Spellcasting
 32485 | Lair:3   | Identified the +5 spear of Hubris {freeze, rN+ Str-2 Int+6
                  | SInv}
 33093 | Lair:3   | Reached skill level 15 in Dodging
 33429 | Lair:3   | Learned a level 7 spell: Storm Form
 33523 | Lair:4   | Reached skill level 1 in Transmutations
 33595 | Lair:4   | Reached XP level 14. HP: 74/74 MP: 26/34
 33887 | Lair:4   | Found a staircase to the Slime Pits.
 33903 | Lair:4   | Identified the -2 pair of boots of Zyvob {rF+ Dex+4}
 35229 | Lair:5   | Entered Level 5 of the Lair of Beasts
 36075 | Lair:5   | Reached skill level 5 in Transmutations
 36576 | Lair:5   | Noticed Snorg
 36598 | Lair:5   | Killed Snorg
 37594 | Lair:2   | Found a staircase to the Snake Pit.
 37661 | Lair:2   | Slain by a tyrant leech

Illustrated notes

Levels and vault maps discovered:
D:1:      amcnicky_arrival_choice, layout_basic, serial_shops, shop,
          corner_web_ring, minmay_misc_feat_four_crosses, minmay_pentomino_q2
D:2:      layout_basic, serial_shops, nicolae_shop_statue_plus,
          dilly_ecumenical_altar_fadedgnrine
D:3:      corexii_shack_village, layout_basic, amcnicky_altar_gilded,
          nicolae_overflow_hidden_temple, nicolae_qazlal_style_of_elements,
          serial_corexii_hall, corexii_hall_statues_i, corexii_hall_statues_s,
          chequers_hall_statues_y, corexii_hall_statues_i,
          grunt_decor_one_mirror, uniq_crazy_yiuf_cottage, uniq_robin
D:4:      layout_loops_cross, minmay_temple_entry_grid, uniq_ijyb, uniq_duvessa
D:5:      layout_basic, gammafunk_temple_overflow_claw,
          mainiacjoe_overflow_small_starburst, uniq_pikel, uniq_menkaure
D:6:      minmay_skewed_foursquare, layout_loops_ring,
          yredelemnul_forgotten_temple_becter,
          worldfamousw_hep_ancestral_shrine, slow_altar_1, uniq_grinder,
          uniq_maggie
D:7:      layout_rooms, enter_bailey_3, nicolae_shop_clearance
D:8:      minmay_clustersquares, layout_cave_pools, david_lair_shrubbed,
          uniq_joseph, uniq_erica, uniq_grum
D:9:      layout_loops_cross, mainiacjoe_overflow_24_doors,
          minmay_orc_entry_temple_small
D:10:     layout_irregular_city, grunt_temple_overflow_cloverleaf,
          kennysheep_mini_moat
D:11:     layout_gridville, enter_trove_5, serial_shops, kennysheep_mini, shop,
          nicolae_shop_crystal, nicolae_shop_statue_plus, shop, disabler_island
D:12:     layout_small_grid, uniq_kirke
Lair:1:   layout_cave_pods, nicolae_volcano_entry_lava_flow,
          serial_bayou_shore_a
Lair:2:   layout_misc_corridors, palyth_hydra_swamp_entry,
          nicolae_snake_entry_warm_welcome
Lair:3:   lemuel_reptile_caves, layout_gridlike, grunt_megastairs_1
Lair:4:   onia_ninara_swampy_vault, layout_misc_corridors, slime_entry_1,
          grunt_megastairs_2, infiniplex_staircase_pool_2
Lair:5:   minmay_lair_end_frog_pond, layout_hall_layers, uniq_snorg
Orc:1:    layout_caves, serial_shops, nicolae_shop_trees, uniq_nergalle
Orc:2:    st_orc_rangers, layout_caves, mines5_lemuel, uniq_rupert, uniq_azrael

Skill      XL: |  1  2  3  4  5  6  7  8  9 10 11 12 13 14 |
---------------+-------------------------------------------+-----
Spellcasting   | 3 4 5 6 8 9 10 11 12 13 14 15 | 15.7
Air Magic      | 3 4 5 6 7 8 10 11 13 | 13.8
Dodging        | 5 9 11 12 14 15 | 15.7
Fighting       | 1 3 5 6 7 8 |  8.9
Shields        | 1 3 4 |  4.8
Transmutations | 1 6 |  6.8
Stealth        | |  3.2
Conjurations   | |  0.8

Action                     |  1- 3 |  4- 6 |  7- 9 | 10-12 | 13-15 || total
---------------------------+-------+-------+-------+-------+-------++-------
  Melee: Dagger            |     4 |       |    12 |     4 |       ||    20
         Punch             |       |       |       |     1 |       ||     1
         Short sword       |       |       |       |    13 |       ||    13
         Trident           |       |       |       |       |    22 ||    22
         Spear             |       |       |       |       |     7 ||     7
         Staff             |       |       |       |       |    14 ||    14
   Cast: Shock             |   113 |   173 |    62 |    36 |       ||   384
         Static Discharge  |     4 |    23 |     6 |    11 |       ||    44
         Airstrike         |       |     2 |   113 |   437 |   412 ||   964
         Arcjolt           |       |       |       |     1 |    33 ||    34
         Freezing Cloud    |       |       |       |       |     1 ||     1
  Evoke: Wand              |       |       |     6 |     1 |       ||     7
         Condenser vane    |       |       |       |     1 |     1 ||     2
    Use: Potion            |       |     1 |     1 |       |     2 ||     4
         Scroll            |       |       |     4 |     6 |     2 ||    12
 Armour: Robe              |     1 |     6 |     4 |     5 |     5 ||    21
  Dodge: Dodged            |    27 |    48 |    31 |   144 |   145 ||   395
         Repelled          |       |       |     1 |     4 |     4 ||     9

Table legend: (Time is in decaauts)
 A = Elapsed time spent in this place.
 B = Non-inter-level travel time spent in this place.
 C = Inter-level travel time spent in this place.
 D = Time resting spent in this place.
 E = Time spent auto-exploring this place.
 F = Levels seen in this place.
 G = Mean time per level.
                   A        B        C        D        E       F      G
               +--------+--------+--------+--------+--------+-----+--------+
         Total |  32187 |  31146 |   1041 |   9930 |  18074 |  20 | 1609.3 |
       Dungeon |  16702 |  15927 |    775 |   3448 |  10935 |  12 | 1391.8 |
          Lair |   6765 |   6651 |    114 |   1056 |   4707 |   5 | 1353.0 |
  Orcish Mines |   6894 |   6742 |    152 |   4122 |   2068 |   2 | 3447.0 |
        Bailey |   1824 |   1824 |      0 |   1302 |    363 |   1 | 1824.0 |
               +--------+--------+--------+--------+--------+-----+--------+

Top non-repeatable levels by time:
   Orc:1: 4525 daAuts
     D:8: 2919 daAuts
   Orc:2: 2369 daAuts
     D:6: 2078 daAuts
  Bailey: 1824 daAuts
  Lair:4: 1600 daAuts
     D:3: 1525 daAuts
  Lair:1: 1512 daAuts
  Lair:5: 1421 daAuts
    D:11: 1388 daAuts
  Lair:3: 1343 daAuts
     D:5: 1341 daAuts
     D:4: 1294 daAuts
     D:2: 1261 daAuts
     D:7: 1233 daAuts
